 Dungeon Crawl Stone Soup version 0.31-a0-202-g547052bce9 (webtiles) character file.

Game seed: 9857061318303217529

11 qw the Shooter (level 2, -3/16 HPs)
             Began as a Deep Elf Hunter on June 26, 2023.
             Slain by a hobgoblin (4 damage)
             ... on level 1 of the Dungeon.
             The game lasted 00:00:02 (58 turns).

qw the Shooter (Deep Elf Hunter)                      Turns: 58, Time: 00:00:03

Health: -3/16      AC:  3    Str:  8    XL:     2   Next: 13%
Magic:  4/4        EV: 12    Int: 13    God:
Gold:   6          SH:  0    Dex: 18    Spells: 1/1 levels left

rFire   . . .        a - +0 shortbow
rCold   . . .        (shield currently unavailable)
rNeg    . . .        c - +0 leather armour
rPois   .            (no helmet)
rElec   .            (no cloak)
rCorr   .            (no gloves)
SInv    .            (no boots)
Will    .....        (no amulet)
Stlth   ++           (no ring)
HPRegen 0.22/turn    (no ring)
MPRegen 0.09/turn

%: no passive effects
@: no status effects
A: no striking features
a: no special abilities


You were on level 1 of the Dungeon.
You visited 1 branch of the dungeon, and saw 1 of its levels.

You collected 6 gold pieces.


   Skills:
 - Level 1.5 Fighting
 + Level 6.0 Ranged Weapons
 - Level 2.4 Dodging
 - Level 1.2 Stealth


You had one spell level left.
You didn't know any spells.
Your spell library was empty.

Inventory:

Hand Weapons
 a - a +0 shortbow (weapon)
Armour
 c - a +0 leather armour (worn)
Scrolls
 b - a scroll of butterflies
 d - a scroll of enchant armour {unknown}

Dungeon Overview and Level Annotations

Branches:
Dungeon (1/15)

Altars:


Message History

The goblin hits you but does no damage.
You shoot an arrow. The arrow hits the jackal!
You kill the jackal!
The bat hits you but does no damage.
A frilled lizard comes into view.
The goblin hits you but does no damage.
You have reached level 2!
You shoot an arrow. The arrow closely misses the jackal.
The jackal bites you but does no damage.
The bat misses you. The jackal barely misses you.
The goblin hits you with a +0 club.
You shoot an arrow. The arrow barely misses the jackal.
The bat hits you but does no damage. The jackal barely misses you.
The goblin hits you with a +0 club. The jackal closely misses you.
You shoot an arrow. The arrow hits the jackal.
You kill the jackal!
The bat misses you. The goblin hits you but does no damage.
The hobgoblin hits you. The bat hits you but does no damage.
Your Ranged Weapons skill increases to level 6!
You shoot an arrow. The arrow hits the bat.
The bat is heavily wounded.
The bat misses you.
The frilled lizard completely misses you.
The goblin barely misses you. The hobgoblin misses you. The jackal misses you.
You shoot an arrow. The arrow hits the jackal.
The jackal is moderately wounded.
The jackal bites you. The frilled lizard closely misses you.
The hobgoblin hits you but does no damage.
The goblin barely misses you.
The jackal bites you but does no damage.
The goblin hits you with a +0 club. The hobgoblin completely misses you.
The frilled lizard bites you.
You shoot an arrow. The arrow hits the jackal.
You kill the jackal!
The bat barely misses you. The frilled lizard bites you.
The hobgoblin closely misses you. The goblin misses you.
You shoot an arrow. The arrow barely misses the kobold.
The arrow hits the bat.
You kill the bat!
The frilled lizard misses you. The hobgoblin hits you.
You die...

##.# ##
#..# #.##
#.# ##.# #.
#..# #.#
#.##
#...#.#
#.g@#
##lgK......
#....%....
#.........
..........
#.####.####
#. .# #. .#


You could see a hobgoblin, a goblin, a kobold and a frilled lizard.

Vanquished Creatures
  A dart slug (D:1)
  2 hobgoblins (D:1)
  3 jackals (D:1)
  2 bats (D:1)
  A rat (D:1)
9 creatures vanquished.

Notes
Turn   | Place    | Note
-------+----------+-------------------------------------------
     0 | D:1      | qw the Deep Elf Hunter began the quest for the Orb.
     0 | D:1      | Reached XP level 1. HP: 12/12 MP: 3/3
     0 | D:1      | 0 ||| qw: Version: 0.3-a-22-g0ed2b0b
     0 | D:1      | 0 ||| qw: Game counter: 6249
     0 | D:1      | 0 ||| qw: Melee chars always use a shield: true
     0 | D:1      | 0 ||| qw: God list: Okawaru
     0 | D:1      | 0 ||| qw: Allow faded altars: false
     0 | D:1      | 0 ||| qw: Do Orc after clearing Dungeon:15 true
     0 | D:1      | 0 ||| qw: Do second Lair branch before Depths: true
     0 | D:1      | 0 ||| qw: Lair rune preference: random
     0 | D:1      | 0 ||| qw: Goals: Normal
     0 | D:1      | 0 ||| PLANNING D:1-11
    52 | D:1      | Reached XP level 2. HP: 16/16 MP: 4/4
    55 | D:1      | Reached skill level 6 in Ranged Weapons
    56 | D:1      | HP: 4/16 [goblin/+0 club (4)]
    57 | D:1      | HP: 1/16 [frilled lizard (1)]
    58 | D:1      | Slain by a hobgoblin

Levels and vault maps discovered:
D:1:      kennysheep_arrival_forest, layout_rooms, serial_bayou_pond_c

Skill      XL: |  1  2 |
---------------+-------+-----
Ranged Weapons | 6 |  6.0
Fighting       | |  1.5
Dodging        | |  2.4
Stealth        | |  1.2

Action                     || total
---------------------------++-------
   Fire: Shortbow          ||    15
 Armour: Leather armour    ||     9
  Dodge: Dodged            ||    18

Table legend:
 A = Non-vault XP
 B = Vault XP
 C = Vault XP percentage of total XP
 D = Non-vault monster count
 E = Vault monster count
 F = Vault count percentage of total count
                 A         B        C        D         E       F
            +---------+---------+-------+---------+---------+-------
      Total |      18 |       0 |   0.0 |       9 |       0 |   0.0
            +---------+---------+-------+---------+---------+-------
        D:1 |      18 |       0 |   0.0 |       9 |       0 |   0.0
            +---------+---------+-------+---------+---------+-------
